 Dungeon Sprint DCSS version 0.28-a0-1190-g77e1c55843 (webtiles) character file.

Game seed: 14023573609238873999

985 Conn the Arsonist (level 8, -3/48 HPs)
             Began as an Octopode Fire Elementalist on Dec 18, 2021.
             Was a Follower of Sif Muna.
             Slain by a deep troll (7 damage)
             ... in the Dungeon (Sprint I: "Red Sonja").
             The game lasted 00:04:15 (840 turns).

Conn the Arsonist (Octopode Fire Elementalist)       Turns: 840, Time: 00:04:16

Health: -3/48      AC:  5    Str:  7    XL:     8   Next: 18%
Magic:  4/18       EV: 14    Int: 20    God:    Sif Muna [*.....]
Gold:   14         SH:  0    Dex: 12    Spells: 8/21 levels left

rFire   + . .      SeeInvis .   i - +4 short sword (venom)
rCold   x . .      Faith    .   (no shield)
rNeg    . . .      Spirit   .   (helmet restricted)
rPois   .          Reflect  .   (no amulet)
rElec   .          Harm     .   l - ring of fire
rCorr   .          Rampage  .   m - +4 ring of protection
Will    .....      NoTele   +   (no ring)
Stlth   ++++......              (no ring)
HPRegen 0.16/turn               (no ring)
MPRegen 0.16/turn               (no ring)
                                (no ring)
                                (no ring)

@: very slightly contaminated
A: almost no armour, amphibious, 8 rings, camouflage 1, gelatinous body 1,
(nimble swimmer 1), tentacles
a: Renounce Religion, Channel Magic


You were in the Dungeon.
You worshipped Sif Muna.
Sif Muna was aware of your devotion.
You visited 1 branch You collected 624 gold pieces.
You spent 610 gold pieces at shops.

Inventory:

Hand Weapons
 g - a +0 dagger
 i - a +4 short sword of venom (weapon)
Missiles
 j - 4 curare-tipped darts (quivered)
Jewellery
 l - a ring of fire (left tentacle)
 m - a +4 ring of protection (right tentacle)
Wands
 e - a wand of mindburst (9)
 h - a wand of acid (6)
Scrolls
 f - a scroll of blinking
 k - a scroll of fear {unknown}
Potions
 a - 4 potions of curing
 b - a potion of heal wounds
 c - a potion of haste
 d - 3 potions of magic


   Skills:
 + Level 1.3 Fighting
 + Level 5.0 Dodging
 + Level 6.9 Stealth
 + Level 7.0 Spellcasting
 * Level 4.7 Conjurations
 + Level 1.5 Hexes
 * Level 13.0 Fire Magic
 * Level 4.6 Invocations


You had 8 spell levels left.
You knew the following spells:

 Your Spells              Type           Power      Damage    Failure   Level
a - Foxfire               Conj/Fire      100%       2x1d9     1%          1
b - Conjure Flame         Conj/Fire      59%        6-21      1%          3
c - Inner Flame           Hex/Fire       52%        N/A       1%          3
d - Flame Wave            Conj/Fire      59%        2d9       2%          4
e - Scorch                Fire           100%       2d10      1%          2

Your spell library contained the following spells:

 Spells                   Type           Power      Damage    Failure   Level


Dungeon Overview and Level Annotations

Branches:
Dungeon (1/1)

Altars:
Cheibriados
Dithmenos
Elyvilon
Fedhas
Gozag
Hepliaklqana
Kikubaaqudgha
Nemelex Xobeh
Okawaru
Qazlal
Ru
Sif Muna
Trog
Uskayaw
Vehumet
Wu Jian
Yredelemnul
Zin
The Shining One

Shops:
D =*


Innate Abilities, Weirdness & Mutations

You cannot wear most types of armour.
You are amphibious.
You can wear up to eight rings at the same time.
Your skin changes colour to match your surroundings (Stealth+).
Your rubbery body absorbs attacks. (AC +1, EV +1)
((You are camouflaged near water. (Stealth+)))
You have tentacles for arms and can constrict up to eight enemies at once.


Message History

The deep troll's fire resistance burns away.
Casting: Scorch (safe; 1% risk of failure)
Confirm with . or Enter, or press ? or * to list all spells.
You feel a surge of power!
Flames lash the deep troll.
The deep troll is burned terribly!
The deep troll is heavily wounded.
Casting: Scorch (safe; 1% risk of failure)
Confirm with . or Enter, or press ? or * to list all spells.
Casting: Flame Wave (dangerous; 2% risk of failure)
Press: ? - help, Dir - look around, f - activate You feel a surge of power!
You miscast Flame Wave.
You are very lightly contaminated with residual magic.
Nothing appears to happen.
The deep troll misses you. The deep troll claws you. The deep troll misses you.
Unknown command.
Casting: Flame Wave (dangerous; 2% risk of failure)
Confirm with . or Enter, or press ? or * to list all spells.
Casting: Flame Wave (dangerous; 2% risk of failure)
Press: ? - help, Dir - look around, f - activate You feel a surge of power!
A wave of flame ripples out!
The flame wave engulfs the deep troll.
The deep troll is burned terribly!
The deep troll is heavily wounded. (Press . to intensify the flame waves.)
The deep troll closely misses you. x2; The deep troll claws you!
A wave of flame ripples out!
The flame wave engulfs the deep troll!
The deep troll is burned terribly!
The deep troll is severely wounded.
The deep troll bites you! The deep troll closely misses you.
The deep troll claws you.
* * * LOW HITPOINT WARNING * * *
Unknown command.
A wave of flame ripples out!
The flame wave engulfs the deep troll!
The deep troll is burned terribly!
The deep troll is severely wounded.
You finish channelling waves of flame.
The deep troll is no longer more vulnerable to fire.
The deep troll barely misses you. The deep troll claws you!
* * * LOW HITPOINT WARNING * * *
The deep troll claws you!
You die...

#..#####'#####'#
#..####..#...#(#
#..#__####..##(#
#..#_____##'#_.+
#⌠⌠#_.∩...'..._#
####_..__##_.#'#
#_____###'#.#
############.####+###
#∩........'..@T$$.$$+
###++++####...#######
###.### #.#'#.#
#.....# #.....#
#######


You could see a deep troll.

Vanquished Creatures
  Sonja (D)
  Sigmund (D)
  A yak (D)
  An ogre (D)
  A jelly (D)
  Ijyb (D)
  2 ballistomycete spores (D)
8 creatures vanquished.

Vanquished Creatures (others)
  15 foxfires (D)
15 creatures vanquished.

Grand Total: 23 creatures vanquished

Notes
Turn   | Place    | Note
-------+----------+-------------------------------------------
     0 | D        | Conn the Octopode Fire Elementalist began the quest for the
                  | Orb.
     0 | D        | Reached XP level 1. HP: 11/11 MP: 3/3
     1 | D        | Noticed Ijyb
    12 | D        | Killed Ijyb
    13 | D        | Reached skill level 5 in Fire Magic
    13 | D        | Reached XP level 2. HP: 9/18 MP: 4/6
    13 | D        | Reached XP level 3. HP: 11/22 MP: 4/7
   215 | D        | Learned a level 3 spell: Conjure Flame
   219 | D        | Learned a level 3 spell: Inner Flame
   224 | D        | Noticed an ogre
   230 | D        | Killed an ogre
   231 | D        | Reached skill level 7 in Fire Magic
   231 | D        | Reached XP level 4. HP: 27/27 MP: 2/10
   312 | D        | Learned a level 4 spell: Flame Wave
   312 | D        | Noticed Sigmund
   319 | D        | Killed Sigmund
   320 | D        | Reached skill level 1 in Fighting
   320 | D        | Reached skill level 5 in Spellcasting
   320 | D        | Reached skill level 9 in Fire Magic
   320 | D        | Reached XP level 5. HP: 27/33 MP: 4/12
   320 | D        | Reached XP level 6. HP: 31/38 MP: 4/14
   396 | D        | Learned a level 2 spell: Scorch
   406 | D        | Found an ornate altar of the Wu Jian Council.
   406 | D        | Found a shimmering blue altar of Sif Muna.
   408 | D        | Found a radiant altar of Vehumet.
   412 | D        | Became a worshipper of Sif Muna the Loreminder
   442 | D        | Found Korouv's General Store.
   442 | D        | Found an ancient bone altar of Kikubaaqudgha.
   442 | D        | Found a hazy altar of Hepliaklqana.
   442 | D        | Found a stormy altar of Qazlal.
   442 | D        | Found a hide-covered altar of Uskayaw.
   442 | D        | Found a blossoming altar of Fedhas.
   442 | D        | Found a bloodstained altar of Trog.
   442 | D        | Found an iron altar of Okawaru.
   442 | D        | Found a basalt altar of Yredelemnul.
   442 | D        | Found a glowing golden altar of the Shining One.
   442 | D        | Found a snail-covered altar of Cheibriados.
   442 | D        | Found a sacrificial altar of Ru.
   442 | D        | Found a glowing silver altar of Zin.
   442 | D        | Found a shadowy altar of Dithmenos.
   442 | D        | Found a white marble altar of Elyvilon.
   442 | D        | Noticed a yak
   449 | D        | Killed a yak
   450 | D        | Reached skill level 11 in Fire Magic
   450 | D        | Reached XP level 7. HP: 43/43 MP: 6/16
   453 | D        | Found an opulent altar of Gozag.
   454 | D        | Found a sparkling altar of Nemelex Xobeh.
   516 | D        | Noticed Sonja
   520 | D        | Killed Sonja
   520 | D        | Reached * piety under Sif Muna
   521 | D        | Reached skill level 5 in Dodging
   521 | D        | Reached skill level 1 in Hexes
   521 | D        | Reached skill level 13 in Fire Magic
   521 | D        | Reached XP level 8. HP: 26/48 MP: 9/18
   812 | D        | Found Faocses's Jewellery Boutique.
   820 | D        | Bought a ring of fire for 250 gold pieces
   820 | D        | Bought a +4 ring of protection for 360 gold pieces
   834 | D        | Noticed a deep troll
   840 | D        | Slain by a deep troll

Illustrated notes

Levels and vault maps discovered:
D:        dungeon_sprint_1 [red_sonja_temple_1, red_sonja_temple_small_1]

Skill      XL: |  1  2  3  4  5  6  7 |
---------------+----------------------+-----
Stealth        | 3 4 6 |  6.9
Spellcasting   | 3 4 5 6 7 |  7.0
Fire Magic     | 5 7 9 11 13 | 13.0
Dodging        | 3 4 5 |  5.0
Fighting       | 1 |  1.3
Conjurations   | 3 4 |  4.7
Invocations    | 2 4 |  4.6
Hexes          | 1 |  1.5

Action                   |  1- 3 |  4- 6 |  7- 9 || total
-------------------------+-------+-------+-------++-------
Melee: Unarmed           |     8 |       |       ||     8
       Tentacles         |     2 |       |       ||     2
       Constrict         |     1 |       |       ||     1
 Cast: Foxfire           |     2 |     3 |     4 ||     9
       Inner Flame       |     1 |     1 |     2 ||     4
       Scorch            |       |     6 |     2 ||     8
       Flame Wave        |       |       |     1 ||     1
  Use: Potion            |     1 |       |       ||     1
Dodge: Dodged            |     2 |     1 |     9 ||    12

Table legend: (Time is in decaauts)
 A = Elapsed time spent in this place.
 B = Non-inter-level travel time spent in this place.
 C = Inter-level travel time spent in this place.
 D = Time resting spent in this place.
 E = Time spent auto-exploring this place.
 F = Levels seen in this place.
 G = Mean time per level.
                   A        B        C        D        E       F      G
               +--------+--------+--------+--------+--------+-----+--------+
         Total |    849 |    849 |      0 |    601 |      0 |   1 |  849.0 |
       Dungeon |    849 |    849 |      0 |    601 |      0 |   1 |  849.0 |
               +--------+--------+--------+--------+--------+-----+--------+

Top non-repeatable levels by time:
       D: 849 daAuts
